 Dungeon Crawl Stone Soup version 0.32-a0-391-gce5c0aab1b (webtiles) character file.

Game seed: 3805439915425341789

9 MachoJfn the Chopper (level 2, 17/22 HPs)
             Began as a Demonspawn Gladiator on Feb 19, 2024.
             Was a Follower of Trog.
             Quit the game on level 1 of the Dungeon.
             The game lasted 00:00:46 (272 turns).

MachoJfn the Chopper (Demonspawn Gladiator)          Turns: 272, Time: 00:00:47

Health: 17/22      AC:  4    Str: 14    XL:     2   Next: 3%
Magic:  2/2        EV:  9    Int:  8    God:    Trog [*.....]
Gold:   20         SH:  0    Dex: 14    Spells: 1/1 levels left

rFire   . . .        a - +0 war axe
rCold   . . .        (no shield)
rNeg    . . .        b - +0 leather armour
rPois   .            c - +0 helmet
rElec   .            (no cloak)
rCorr   .            (no gloves)
SInv    .            (no boots)
Will    .....        (no amulet)
Stlth   +            (no ring)
HPRegen 0.23/turn    (no ring)
MPRegen 0.16/turn

%: no passive effects
@: constricted
A: magic regeneration
a: Renounce Religion, Berserk


You were on level 1 of the Dungeon.
You worshipped Trog.
Trog was aware of your devotion.
You visited 1 branch of the dungeon, and saw 1 of its levels.

You collected 20 gold pieces.

Inventory:

Hand Weapons
 a - a +0 war axe (weapon)
Missiles
 d - 3 throwing nets (quivered)
 e - a javelin
 f - 16 stones
Armour
 b - a +0 leather armour (worn)
 c - a +0 helmet (worn)


   Skills:
 + Level 2.2 Fighting
 + Level 3.1 Axes
 - Level 1.7 Throwing
 + Level 2.6 Dodging
 + Level 0.1 Stealth


You had one spell level left.
You didn't know any spells.
Your spell library contained the following spells:

 Spells                   Type           Power      Damage    Failure   Level
 Freeze                   Ice            0%         1d3       50%         1


Dungeon Overview and Level Annotations

Branches:
Dungeon (1/15)

Altars:
Trog


Innate Abilities, Weirdness & Mutations

You regenerate magic rapidly.


Message History

Found a robe.
You now have 20 gold pieces (gained 11).
Found a whip.
An endoplasm comes into view.
The endoplasm quivers.
The endoplasm hits you but does no damage.
You see here a +0 whip.
You hit the endoplasm but do no damage. The endoplasm completely misses you.
The endoplasm freezes you.
You are frozen.
You hit the endoplasm.
The endoplasm is moderately wounded.
The endoplasm freezes you.
You are frozen.
You slash the endoplasm!
You kill the endoplasm!
Trog accepts your kill.
Your Axes skill increases to level 3!
You see here a +0 robe.
A ball python, a rat and a goblin come into view.
Found a scroll labelled KECINT TOVIE.
The ball python hisses angrily.
The goblin shouts!
There are monsters nearby!
A rat comes into view.
The ball python misses you. The ball python grabs you.
The ball python constricts you. The rat bites you but does no damage.
The goblin barely misses you.
The rat squeaks loudly.
You hit the goblin.
You kill the goblin!
Trog accepts your kill.
You closely miss the rat. You barely miss the ball python.
You hear a shout!
The ball python bites you but does no damage.
The ball python constricts you. The rat bites you but does no damage.
The ball python bites you. The ball python constricts you.
You have reached level 2!
Your demonic ancestry asserts itself...
Your magic begins to regenerate rapidly.
Are you sure you want to abandon this character and quit the game? (Confirm with "yes".)

#..........#
#..........#....# .#
#..........#....####.###
...........#...........#
#[.........# .......?..#
#.#+######## .........#
#.#.#########+#.....r..#
#.............#S.......#
................@)......
###......####.#r.......#
#.#.##.# ...#........#
#.#.##.##.#.#........#
#.#.##.##.#..........#
#.#.##... #.#........#
#.#.####. #.#.#.......
#.#.. . #.#.#.###.##
#.#..


You could see a ball python and 2 rats.

Vanquished Creatures
  An endoplasm (D:1)
  2 kobolds (D:1)
  A goblin (D:1)
  A rat (D:1)
5 creatures vanquished.

Notes
Turn   | Place    | Note
-------+----------+-------------------------------------------
     0 | D:1      | MachoJfn the Demonspawn Gladiator began the quest for the
                  | Orb.
     0 | D:1      | Reached XP level 1. HP: 16/16 MP: 1/1
   131 | D:1      | Found a faded altar of an unknown god.
   140 | D:1      | Got Plato's Writings on the Iceberg
   141 | D:1      | Prayed at the altar of an unknown god.
   141 | D:1      | Became a worshipper of Trog the Wrathful
   141 | D:1      | Reached * piety under Trog
   223 | D:1      | Reached skill level 3 in Axes
   272 | D:1      | Gained mutation: You regenerate magic rapidly. [demonic
                  | ancestry]
   272 | D:1      | Reached XP level 2. HP: 17/22 MP: 2/2
   272 | D:1      | Quit the game

Illustrated notes

Levels and vault maps discovered:
D:1:      dpeg_arrival_signposts, layout_basic,
          shapermc_ecumenical_altar_rom_forum

Skill      XL: |  1 |
---------------+----+-----
Axes           | 3 |  3.1
Fighting       | |  2.2
Throwing       | |  1.7
Dodging        | |  2.6
Stealth        | |  0.1

Action                     || total
---------------------------++-------
  Melee: War axe           ||    14
 Armour: Leather armour    ||     8
  Dodge: Dodged            ||    11

Table legend: (Time is in decaauts)
 A = Elapsed time spent in this place.
 B = Non-inter-level travel time spent in this place.
 C = Inter-level travel time spent in this place.
 D = Time resting spent in this place.
 E = Time spent auto-exploring this place.
 F = Levels seen in this place.
 G = Mean time per level.
                   A        B        C        D        E       F      G
               +--------+--------+--------+--------+--------+-----+--------+
         Total |    277 |    242 |     35 |      0 |    191 |   1 |  277.0 |
       Dungeon |    277 |    242 |     35 |      0 |    191 |   1 |  277.0 |
               +--------+--------+--------+--------+--------+-----+--------+

Top non-repeatable levels by time:
     D:1: 277 daAuts
